 Dungeon Sprint DCSS version 0.19-a0-74-g8fff883 (webtiles) character file.

2427 Kathua the Protected (level 9, 0/75 HPs)
             Began as a Demonspawn Fighter on May 10, 2016.
             Was the Champion of Pakellas.
             Slain by a fire crab (13 damage)
             ... in the Dungeon (Sprint IX: "|||||||||||||||||||||||||||||").
             The game lasted 00:03:10 (1393 turns).

Kathua the Protected (Demonspawn Fighter)           Turns: 1393, Time: 00:03:11

Health: 0/75       AC: 17    Str: 19    XL:     9   Next: 24%
Magic:  8/14       EV: 10    Int:  9    God:    Pakellas [******]
Gold:   17         SH: 12    Dex: 21    Spells: 0 memorised, 8 levels left

rFire  . . .     SeeInvis .     a - +0 flail
rCold  . . .     Gourm    .     q - +0 plate armour
rNeg   . . .     Faith    .     c - +0 shield
rPois  .         Spirit   .     (helmet restricted)
rElec  .         Dismiss  .     (no cloak)
rCorr  .         Reflect  .     p - +0 pair of gloves
SustAt .         Harm     .     o - +0 pair of boots
MR     .....     NoTele   +     (no amulet)
Stlth  +.........               s - +2 ring of evasion
                                r - +3 ring of dexterity

@: lethally poisoned (0 -> -4), not resistant to hostile enchantments, very
unstealthy
A: antennae 1, thin skeletal structure 2, foul stench 1, rot immunity
a: Quick Charge, Device Surge, Supercharge, Renounce Religion


You were in the Dungeon.
You worshipped Pakellas.
Pakellas was exalted by your worship.
You were hungry.

You visited 1 branch You collected 17 gold pieces.

Inventory:

Hand Weapons
 a - a +0 flail (weapon)
Armour
 c - a +0 shield (worn)
 o - a +0 pair of boots (worn)
 p - a +0 pair of gloves (worn)
 q - a +0 plate armour (worn)
Rods
 j - a +5 lightning rod (11/11)
   (Pakellas gifted it to you in the Dungeon)
Jewellery
 r - a +3 ring of dexterity (left hand)
 s - a +2 ring of evasion (right hand)
Wands
 b - a wand of slowing (29/48)
 n - a wand of acid (0/15)
 u - a wand of paralysis (13/24)
Scrolls
 k - 3 scrolls of blinking
 l - 3 scrolls of remove curse
 m - 2 scrolls of amnesia
 x - 2 scrolls of recharging
 y - 2 scrolls of fear
 z - 2 scrolls of enchant weapon
Potions
 d - 2 potions of might
 e - 5 potions of curing
 g - 4 potions of heal wounds
 h - 2 potions of haste
 i - 4 potions of magic
 w - 3 potions of berserk rage
Miscellaneous
 t - a phantom mirror
 v - a fan of gales
Comestibles
 f - a bread ration


   Skills:
 + Level 8.8 Fighting
 + Level 7.6 Maces & Flails
 + Level 9.2 Armour
 + Level 4.7 Dodging
 * Level 8.2 Stealth
 + Level 8.6 Shields
 * Level 7.8 Evocations


You had 8 spell levels left.
You didn't know any spells.

Dungeon Overview and Level Annotations

Branches:
Dungeon (1/1)

Altars:
Cheibriados
Dithmenos
Elyvilon
Fedhas
Gozag
Kikubaaqudgha
Makhleb
Nemelex Xobeh
Okawaru
Pakellas
Qazlal
Ru
Sif Muna
Trog
Vehumet
Xom
Yredelemnul
Zin
The Shining One
Beogh
Jiyva
Lugonu


Innate Abilities, Weirdness & Mutations

You have a pair of small antennae on your head.
You have a moderately thin skeletal structure (Dex +4, Stealth+).
You may emit foul miasma when damaged in melee.
You are immune to rotting.


Message History

You feel sick.
The fire crab bites you but does no damage.
The fire crab claws you.
You are engulfed in flames!
You hit the fire crab.
The fire crab is lightly wounded.
The fire crab barely misses you. The fire crab claws you.
You are engulfed in flames!
* * * LOW HITPOINT WARNING * * *
The fire crab looks sick.
Your plate armour prevents you from hitting the fire crab.
The fire crab is lightly wounded.
You feel sick. The fire crab barely misses you.
You block the fire crab's attack.
You thump the fire crab!
The fire crab is moderately wounded.
You feel sick. You block the fire crab's attack. The fire crab claws you.
* * * LOW HITPOINT WARNING * * *
You are engulfed in flames!
You die...
Pakellas says: Back to the drawing board! { { {{ {{ ▓▓▓▓▓▓▓▓▓▓▓▓▓▓▓▓▓▓▓▓▓▓▓▓ )......'÷.......@ttHl... {{ {{{{{

▓▓▓▓▓▓▓▓▓▓▓▓▓▓▓▓▓▓▓▓▓▓▓▓▓▓▓▓▓▓▓▓▓
.................................
▓▓▓▓▓▓▓▓▓▓▓▓▓▓▓▓▓▓▓▓▓▓▓▓▓▓▓▓▓▓▓▓▓
..'______________________'..|)...
▓▓▓▓▓▓▓▓▓▓▓▓▓▓▓▓▓▓▓▓▓▓▓▓▓▓▓▓▓▓▓▓▓


You could see a fire crab, a komodo dragon, a hippogriff and a crocodile.

Vanquished Creatures
  A spiny frog (D)
  A komodo dragon (D)
  A troll (D)
  A blink frog (D)
  A shadow (D)
  A soldier ant (D)
  3 water moccasins (D)
  A porcupine (D)
  A centaur (D)
  2 crocodiles (D)
  3 giant frogs (D)
  A crimson imp (D)
  A hound (D)
  An orc priest (D)
  A worker ant (D)
  An adder (D)
  2 river rats (D)
  A shadow imp (D)
  A worm (D)
  3 orcs (D)
  2 giant cockroaches (D)
  A bat (D)
  A giant newt (D)
  A rat (D)
33 creatures vanquished.

Vanquished Creatures (collateral kills)
  A spiny frog (D)
  A yak (D)
  A hippogriff (D)
3 creatures vanquished.

Grand Total: 36 creatures vanquished

Notes
Turn   | Place    | Note
--------------------------------------------------------------
     0 | D        | Kathua the Demonspawn Fighter began the quest for the Orb.
     0 | D        | Reached XP level 1. HP: 18/18 MP: 1/1
    50 | D        | Noticed a centaur
    50 | D        | Noticed a worker ant
    50 | D        | Noticed a hound
    54 | D        | Killed a centaur
    54 | D        | Reached skill level 5 in Fighting
    54 | D        | Reached skill level 4 in Armour
    54 | D        | Reached skill level 1 in Dodging
    54 | D        | Gained mutation: You are immune to rotting. [demonic ancestry]
    54 | D        | Reached XP level 2. HP: 18/27 MP: 2/2
    54 | D        | Gained mutation: You have a somewhat thin skeletal structure (Dex +2, Stealth). [demonic ancestry]
    54 | D        | Reached XP level 3. HP: 22/33 MP: 3/3
    54 | D        | Reached XP level 4. HP: 26/39 MP: 4/4
    65 | D        | Reached skill level 5 in Shields
    71 | D        | Reached skill level 5 in Armour
    71 | D        | Gained mutation: You have a pair of small antennae on your head. [demonic ancestry]
    71 | D        | Reached XP level 5. HP: 14/46 MP: 5/5
    97 | D        | Found a glowing silver altar of Zin.
    97 | D        | Found a glowing golden altar of the Shining One.
    97 | D        | Found an ancient bone altar of Kikubaaqudgha.
    97 | D        | Found a basalt altar of Yredelemnul.
    97 | D        | Found a shimmering altar of Xom.
    97 | D        | Found a radiant altar of Vehumet.
    98 | D        | Found an iron altar of Okawaru.
    99 | D        | Found a burning altar of Makhleb.
   100 | D        | Found a deep blue altar of Sif Muna.
   101 | D        | Found a bloodstained altar of Trog.
   102 | D        | Found a sparkling altar of Nemelex Xobeh.
   103 | D        | Found a white marble altar of Elyvilon.
   104 | D        | Found a roughly hewn altar of Beogh.
   105 | D        | Found a viscous altar of Jiyva.
   106 | D        | Found a corrupted altar of Lugonu.
   107 | D        | Found a blossoming altar of Fedhas.
   108 | D        | Found a snail-covered altar of Cheibriados.
   109 | D        | Found a shadowy altar of Dithmenos.
   110 | D        | Found a stormy altar of Qazlal.
   111 | D        | Found an opulent altar of Gozag.
   112 | D        | Found a sacrificial altar of Ru.
   113 | D        | Found an oddly glowing altar of Pakellas.
   121 | D        | Became a worshipper of Pakellas the Inventive
   409 | D        | Noticed a water moccasin
   410 | D        | Reached skill level 5 in Maces & Flails
   410 | D        | Reached skill level 1 in Stealth
   410 | D        | Reached skill level 1 in Evocations
   412 | D        | Reached * piety under Pakellas
   412 | D        | Received a gift from Pakellas
   415 | D        | Killed a water moccasin
   415 | D        | Reached ** piety under Pakellas
   415 | D        | Received a gift from Pakellas
   415 | D        | Reached skill level 6 in Armour
   415 | D        | Reached XP level 6. HP: 40/53 MP: 5/8
   537 | D        | Noticed a troll
   537 | D        | Noticed a shadow
   537 | D        | Noticed a soldier ant
   539 | D        | Reached *** piety under Pakellas
   539 | D        | Received a gift from Pakellas
   542 | D        | Killed a troll
   542 | D        | Reached skill level 7 in Armour
   542 | D        | Gained mutation: You have a moderately thin skeletal structure (Dex +4, Stealth+). [demonic ancestry]
   542 | D        | Reached XP level 7. HP: 60/60 MP: 8/10
   544 | D        | Killed a shadow
   544 | D        | Reached **** piety under Pakellas
   544 | D        | Received a gift from Pakellas
   544 | D        | Reached skill level 5 in Stealth
   544 | D        | Reached skill level 5 in Evocations
  1075 | D        | Noticed a yak
  1075 | D        | Noticed a hippogriff
  1075 | D        | Noticed a spiny frog
  1075 | D        | Noticed a komodo dragon
  1083 | D        | Killed a yak
  1083 | D        | Gained mutation: You may emit foul miasma when damaged in melee. [demonic ancestry]
  1083 | D        | Reached XP level 8. HP: 68/68 MP: 3/12
  1093 | D        | Killed a spiny frog
  1093 | D        | Reached skill level 8 in Armour
  1108 | D        | Killed a komodo dragon
  1108 | D        | Reached ***** piety under Pakellas
  1108 | D        | Received a gift from Pakellas
  1354 | D        | Noticed a spiny frog
  1354 | D        | Noticed a fire crab
  1359 | D        | Noticed a blink frog
  1371 | D        | Reached ****** piety under Pakellas
  1371 | D        | Reached XP level 9. HP: 68/75 MP: 4/14
  1375 | D        | Noticed a komodo dragon
  1379 | D        | Reached skill level 9 in Armour
  1389 | D        | Killed a spiny frog
  1393 | D        | Slain by a fire crab

Vault maps used:
D:        linesprint

Skill      XL: |  1  2  3  4  5  6  7  8  9 |
---------------+----------------------------+-----
Maces & Flails | 3 4 5 6 7 |  7.6
Shields        | 4 5 6 7 8 |  8.6
Fighting       | 5 6 7 8 |  8.8
Armour         | 4 5 6 7 8 9 |  9.2
Dodging        | 1 2 3 4 |  4.7
Stealth        | 3 4 5 7 8 |  8.2
Evocations     | 3 4 5 7 |  7.8

Action                   |  1- 3 |  4- 6 |  7- 9 || total
-------------------------+-------+-------+-------++-------
Melee: Flail             |    14 |    21 |    74 ||   109
Invok: Quick Charge      |       |       |     1 ||     1
Evoke: Wand              |       |     6 |     2 ||     8
       Fan of gales      |       |       |     1 ||     1
       Rod               |       |       |     2 ||     2
  Use: Potion            |     1 |       |     2 ||     3
 Stab: Invisible         |       |       |     5 ||     5
  Eat: Chunk             |       |       |     2 ||     2
Armor: Scale mail        |     7 |     5 |       ||    12
       Plate armour      |       |     3 |    20 ||    23
Dodge: Dodged            |     6 |     3 |    21 ||    30
Block: Shield            |     8 |     6 |    33 ||    47
